 Dungeon Crawl Stone Soup version 0.20.0-15-g7f486f2 (webtiles) character file.

1499 Gorglomux the Cleaver (level 8, -3/48 HPs)
             Began as a Gargoyle Air Elementalist on June 11, 2017.
             Was an Initiate of Okawaru.
             Slain by an ogre
             ... wielding a +0 giant club
              (19 damage)
             ... on level 6 of the Dungeon.
             The game lasted 00:15:17 (8870 turns).

Gorglomux the Cleaver (Gargoyle Air Elementalist)   Turns: 8870, Time: 00:15:17

Health: -3/48      AC: 13    Str: 14      XL:     8   Next: 81%
Magic:  11/11      EV:  5    Int: 16      God:    Okawaru [......]
Gold:   238        SH:  2    Dex:  8 (10) Spells: 7/11 levels left

rFire    . . .     SeeInvis .   a - +0 hand axe
rCold    . . .     Gourm    .   N - +0 buckler
rNeg     + . .     Faith    .   X - +0 chain mail
rPois    ∞         Spirit   .   (no helmet)
rElec    +         Reflect  .   (no cloak)
rCorr    .         Harm     .   (no gloves)
MR       .....                  (no boots)
Stlth    ..........             (no amulet)
Regen    0.2/turn               (no ring)
MPRegen  0.2/turn               L - ring of loudness (curse)

@: no status effects
A: negative energy resistance 1, electricity resistance, unbreathing,
petrification resistance, rot immunity, AC +5
a: Renounce Religion


You were on level 6 of the Dungeon.
You worshipped Okawaru.
Okawaru was noncommittal.
You were not hungry.

You visited 2 branches of the dungeon, and saw 8 of its levels.
You also visited: Sewer.

You collected 238 gold pieces.

Inventory:

Hand Weapons
 a - a +0 hand axe (weapon)
 b - a +0 shortbow
 C - a +0 whip
Missiles
 P - 7 tomahawks (quivered)
 Y - 14 arrows
Armour
 J - a +0 robe
 M - a +0 leather armour
 N - a +0 buckler (worn)
 X - a +0 chain mail (worn)
Jewellery
 j - a +3 ring of intelligence
 L - a cursed ring of loudness (right hand)
Scrolls
 d - 2 scrolls of enchant weapon {unknown}
 e - 2 scrolls of immolation {unknown}
 f - 5 scrolls of fog {unknown}
 A - 5 scrolls of remove curse {unknown}
 D - 3 scrolls of fear {unknown}
 F - a scroll of amnesia {unknown}
 G - a scroll of teleportation {unknown}
 I - 2 scrolls of recharging {unknown}
 R - a scroll of identify
 U - a scroll of enchant armour {unknown}
 V - 3 scrolls of magic mapping {unknown}
Potions
 i - 2 potions of flight
 H - 2 potions of heal wounds
 Q - 2 potions of curing
 T - a potion of brilliance
 W - 2 potions of magic
Comestibles
 c - 3 bread rations
 k - a royal jelly
 z - 3 meat rations
 S - 7 fruits


   Skills:
 - Level 3.8 Fighting
 + Level 9.0 Axes
 - Level 1.4 Armour
 - Level 1.5 Dodging
 - Level 2.1 Stealth
 - Level 2.0 Spellcasting
 - Level 1.1 Conjurations
 - Level 2.4 Air Magic


You had 7 spell levels left.
You knew the following spells:

 Your Spells              Type           Power        Failure   Level  Hunger
a - Shock                 Conj/Air       #...         99%         1    #......
b - Static Discharge      Conj/Air       #.......     100%        3    ###....


Dungeon Overview and Level Annotations

Branches:
Dungeon (7/15)             Temple (1/1) D:6

Altars:
Ashenzari
Cheibriados
Gozag
Hepliaklqana
Kikubaaqudgha
Makhleb
Nemelex Xobeh
Okawaru
Qazlal
Ru
Sif Muna
Trog
Uskayaw
Xom
Yredelemnul
The Shining One
Lugonu

Shops:
D:4 :}   D:5 [

Annotations:
D:4 Grinder


Innate Abilities, Weirdness & Mutations

You are resistant to torment.
Your stone body is resilient. (AC +5)
You are immune to poison.
You resist negative energy. (rN+)
You are resistant to electric shocks. (rElec)
You can survive without breathing.
You are immune to petrification.
You are immune to rotting.


Message History

You completely miss the ogre.
The ogre is lightly wounded.
The ogre hits you with a giant club!!
You slash the ogre!
The ogre is moderately wounded.
You hit the ogre but do no damage.
The ogre is moderately wounded.
The ogre barely misses you.
You slash the ogre!
The ogre is severely wounded.
The ogre hits you with a giant club!
Your chain mail prevents you from hitting the ogre.
The ogre is severely wounded.
The ogre hits you but does no damage.
You hit the ogre.
The ogre is severely wounded.
You hit the ogre.
The ogre is almost dead.
The ogre hits you with a giant club!!
You die...

..........P.P.....#.....#........
..........._..>...#.....#........
..........P)P.+############'##+##
...######........................
####.............................
#....)........................
#.............................
#.<...........................
#............@O.(.............
####........#'########'##########
............#........#<....#.....
#######'#####........#.....#.....
#......#.........#.....#...(.
#.....<#.........#.....#...O.
#......########+##....##.####
#####......#.........#######.####
..........##.........#........#..


You could see an ogre.

Vanquished Creatures
  A black bear (D:6)
  3 phantoms
  2 ogres
  A centaur (D:5)
  2 bullfrogs (Sewer)
  A howler monkey (D:6)
  A crimson imp (D:6)
  A quasit (D:6)
  An orc priest (D:4)
  A bullfrog skeleton (D:5)
  A jelly (D:5)
  Jessica (D:3)
  3 iguanas
  5 worker ants
  Terence (D:3)
  13 adders
  4 gnolls (D:5)
  A river rat (Sewer)
  A shadow imp (D:6)
  2 adder skeletons (D:4)
  3 worms
  5 dart slugs
  3 leopard geckos
  15 orcs
  5 giant cockroaches
  5 goblins
  5 hobgoblins
  3 jackals (D:1)
  2 quokkas
  16 ball pythons
  6 bats
  7 frilled lizards
  5 kobolds
  A quokka zombie (D:5)
  34 rats
161 creatures vanquished.

Notes
Turn   | Place    | Note
-------+----------+-------------------------------------------
     0 | D:1      | Gorglomux the Gargoyle Air Elementalist began the quest for the Orb.
     0 | D:1      | Reached XP level 1. HP: 10/10 MP: 3/3
    59 | D:1      | Reached skill level 1 in Fighting
   196 | D:1      | Reached XP level 2. HP: 17/17 MP: 3/5
   897 | D:1      | Reached XP level 3. HP: 22/22 MP: 2/6
  1056 | D:2      | Found a faded altar of an unknown god.
  1166 | D:2      | Found a sacrificial altar of Ru.
  1166 | D:2      | Found a snail-covered altar of Cheibriados.
  1167 | D:2      | Found a hide-covered altar of Uskayaw.
  1195 | D:2      | Reached skill level 3 in Fighting
  1493 | D:2      | Found a burning altar of Makhleb.
  1495 | D:2      | Found a shimmering altar of Xom.
  1662 | D:2      | Reached XP level 4. HP: 25/28 MP: 1/7
  1796 | D:2      | Reached skill level 1 in Armour
  2253 | D:3      | Noticed Jessica
  2260 | D:3      | Killed Jessica
  2260 | D:3      | Reached skill level 1 in Axes
  2260 | D:3      | Reached XP level 5. HP: 33/33 MP: 1/8
  2322 | D:3      | Noticed Terence
  2398 | D:3      | Killed Terence
  2398 | D:3      | Reached skill level 2 in Axes
  2925 | D:4      | Noticed a phantom
  2959 | D:4      | Reached skill level 3 in Axes
  3456 | D:4      | Noticed Grinder
  3513 | D:4      | Reached XP level 6. HP: 27/38 MP: 4/9
  3531 | D:4      | Learned a level 3 spell: Static Discharge
  3695 | D:4      | Found a sacrificial altar of Ru.
  3806 | D:4      | Found Ymuarome's Book Boutique.
  3882 | D:4      | Reached skill level 4 in Axes
  4083 | D:4      | Noticed a phantom
  4193 | D:4      | Killed a phantom
  4424 | D:3      | Reached skill level 5 in Axes
  4424 | D:3      | Reached XP level 7. HP: 34/42 MP: 10/10
  4695 | D:4      | Found Hywid's Gadget Shop.
  4974 | D:5      | Entered Level 5 of the Dungeon
  4981 | D:5      | Reached skill level 6 in Axes
  5081 | D:5      | Found Jowutos's Armour Boutique.
  5197 | D:5      | Found a sparkling altar of Nemelex Xobeh.
  5552 | D:4      | Paralysed by something for 4 turns
  5635 | D:5      | Found a glowing drain.
  5667 | Sewer    | Entered a sewer
  5944 | Sewer    | Reached XP level 8. HP: 9/48 MP: 5/11
  6222 | Sewer    | Reached skill level 7 in Axes
  7492 | D:6      | Reached skill level 8 in Axes
  7625 | D:6      | Found a shattered altar of Ashenzari.
  7851 | D:6      | Found a staircase to the Ecumenical Temple.
  7906 | Temple   | Entered the Ecumenical Temple
  7958 | Temple   | Became a worshipper of Warmaster Okawaru
  8439 | D:6      | Found a basalt altar of Yredelemnul.
  8775 | D:6      | Reached skill level 9 in Axes
  8870 | D:6      | Slain by an ogre

Skill      XL: |  1  2  3  4  5  6  7  8 |
---------------+-------------------------+-----
Fighting       | 1 2 3 |  3.8
Armour         | 1 |  1.4
Axes           | 1 3 5 6 9 |  9.0
Dodging        | |  1.5
Stealth        | |  2.1
Spellcasting   | |  2.0
Conjurations   | |  1.1
Air Magic      | |  2.4

Action                   |  1- 3 |  4- 6 |  7- 9 || total
-------------------------+-------+-------+-------++-------
Melee: Unarmed           |    59 |       |       ||    59
       Whip              |       |    14 |       ||    14
       Hand axe          |       |    86 |   292 ||   378
 Fire: Shortbow          |       |       |    61 ||    61
Throw: Tomahawk          |       |       |     1 ||     1
 Cast: Shock             |    73 |   120 |    67 ||   260
       Static Discharge  |       |     1 |     8 ||     9
  Use: Scroll            |       |     2 |     3 ||     5
       Potion            |       |     1 |     6 ||     7
 Stab: Sleeping          |     1 |     2 |       ||     3
  Eat: Chunk             |     3 |    11 |    13 ||    27
       Royal jelly       |       |       |     2 ||     2
Armor: Robe              |    26 |    28 |       ||    54
       Leather armour    |       |    29 |   157 ||   186
       Skin              |       |       |    17 ||    17
       Chain mail        |       |       |    42 ||    42
Dodge: Dodged            |    41 |    85 |   239 ||   365
Block: Buckler           |       |       |     7 ||     7
